Cogmind - Beta 14 @@@ ROGUE MODE // 2025.03.13 @ 12:17:14 Player: ywiktor Result: Destroyed by EA-TT9(R) with Subdweller Beam Cannon Performance ------------- Evolutions (0) 0 Regions Visited (2) 400 Robots Destroyed (13) 65 Value Destroyed (377) 377 Prototype IDs (0) 0 Alien Tech Used (0) 0 Bonus (0) 0 TOTAL SCORE: 842 Bonus ------- None Cogmind --------- Core Integrity 0/250 Matter 207/300 Energy 89/100 System Corruption 0% Temperature Cool (9) Movement Walking (330) Ox3 Location -10/Subcaves Parts ------- > --- POWER (1) -------- (None) > --- PROPULSION (2) --- Aluminum Leg > --- UTILITY (2) ------ Medium Storage Unit Large Storage Unit > --- WEAPON (2) ------- EM Pulse Gun Particle Gun > --- INVENTORY (15) --- Ion Engine Light Ion Engine Light Treads Light Treads Aluminum Leg Aluminum Leg Aluminum Leg Aluminum Leg Wheel Compact Wheel Large Matter Pod (0) Sensor Array Small Laser Peak State ------------ > --- POWER ------------ Subdweller Power Source > --- PROPULSION ------- Aluminum Leg Aluminum Leg > --- UTILITY ---------- Medium Storage Unit Large Storage Unit > --- WEAPON ----------- Assault Rifle Light Assault Rifle > --- INVENTORY -------- Ion Engine Light Ion Engine Light Treads Light Treads Aluminum Leg Aluminum Leg Aluminum Leg Aluminum Leg Wheel Compact Wheel Large Matter Pod Sensor Array EM Pulse Gun Small Laser Particle Gun [Rating: 9] Favorites ----------- Power Ion Engine Engine Ion Engine Propulsion Aluminum Leg Leg Aluminum Leg Utility Medium Storage Unit Device Tractor Beam Storage Medium Storage Unit Weapon Assault Rifle Energy Gun EM Pulse Gun Ballistic Gun Assault Rifle Build | -11 -10 -10 ------- Run | Yrd Mat Sub Slots Evolved . | . . . Power . | . . . Propulsion . | . . . Utility . | . . . Weapon . | . . . Parts Attached 18 | 6 9 3 Power 3 | 1 1 1 Engine 3 | 1 1 1 Core . | . . . Reactor . | . . . Propulsion 5 | 2 3 . Treads . | . . . Leg 5 | 2 3 . Wheel . | . . . Hover . | . . . Flight . | . . . Utility 5 | 1 4 . Device 1 | . 1 . Storage 4 | 1 3 . Processor . | . . . Hackware . | . . . Protection . | . . . Artifact . | . . . Weapon 5 | 2 1 2 Energy Gun 2 | . . 2 Energy Cannon . | . . . Ballistic Gun 3 | 2 1 . Ballistic Cannon . | . . . Launcher . | . . . Special Weapon . | . . . Impact Weapon . | . . . Slashing Weapon . | . . . Piercing Weapon . | . . . Special Melee Weapon . | . . . Unidentified Prototypes . | . . . Parts Lost 6 | . 2 4 Power 1 | . . 1 Propulsion 1 | . . 1 Utility 1 | . 1 . Weapon 3 | . 1 2 Highest Loss Streak 4 | . 2 4 To Critical Strikes . | . . . Average Slot Usage (%) 98 | . 98 98 Engine 14 | . 14 14 Leg 27 | . 28 27 Device 5 | . 6 . Storage 22 | . 20 28 Ballistic Gun 27 | . 28 26 Peak Build Rating 9 | 6 8 9 Average Rating 7 | 4 7 8 On Entrance 4 | . 6 8 Naked Turns . | . . . Heaviest Build 38 | 13 38 38 Greatest Support 20 | 20 20 20 Greatest Overweight (x) 1 | . 1 1 Average Overweight (x) . | . . 1 Largest Inventory Capacity 15 | 8 15 15 Average Capacity 12 | 7 12 15 Most Carried 15 | 6 15 15 Average Carried 11 | 3 11 14 Final Capacity 15 | 8 15 15 Final Carried 15 | 6 15 13 Class Distribution -------------------- 100% | Mutant Dominant Class ---------------- Mutant | -10/Materials Mutant | -10/Subcaves Resources | -11 -10 -10 ----------- Run | Yrd Mat Sub Matter Collected 516 | 149 303 64 Remotely 200 | . 200 . Salvage Created 455 | . 344 111 Parts 20 | . 18 2 Haulers Intercepted . | . . . Recyclers Shooed . | . . . Parts Field Recycled . | . . . Retrieved Matter . | . . . Parts Self-Destructed . | . . . Prevented . | . . . Kills | -11 -10 -10 ------- Run | Yrd Mat Sub Combat Hostiles Destroyed 12 | . 10 2 Guns 12 | . 10 2 Classes Destroyed 4 | . 3 1 Operator 1 | . 1 . Swarmer 3 | . 3 . Grunt 7 | . 7 . Subdweller 2 | . . 2 Best Kill Streak 3 | . 3 1 Combat Bots Only 3 | . 3 1 Max Kills in Single Turn 1 | . 1 1 Gunslinging . | . . . Exploded . | . . . Melee . | . . . Uniques/NPCs Destroyed . | . . . Combat | -11 -10 -10 -------- Run | Yrd Mat Sub Hostile Shots Fired 108 | . 81 27 Missed 32 | . 21 11 Damage Taken 1056 | . 640 416 Core 272 | . 131 141 Absorbed by Shields . | . . . Core Remaining (%) 100 | 100 . . Volleys Fired 67 | . 55 12 Largest 2 | . 2 2 Hottest 105 | . 40 105 Shots Fired 134 | . 110 24 Gun 134 | . 110 24 Cannon . | . . . Launcher . | . . . Special . | . . . Kinetic 129 | . 110 19 Thermal 2 | . . 2 Explosive . | . . . Electromagnetic 3 | . . 3 Robot Hit Streak 18 | . 9 18 Robot Miss Streak 3 | . 3 2 Penetration Max . | . . . Secondary Targets 2 | . 1 1 Max Gunslinging Chain 1 | . 1 1 Shots Hit Robots 87 | . 65 22 Core Hits 28 | . 22 6 Critical Kills . | . . . Critical Parts Destroyed . | . . . Critical Strikes 1 | . . 1 Burn 1 | . . 1 Melee Attacks . | . . . Impact . | . . . Slashing . | . . . Piercing . | . . . Sneak Attacks . | . . . Combat Hostiles . | . . . Follow-up Attacks . | . . . Damage Inflicted 964 | . 743 221 Guns 964 | . 743 221 Cannons . | . . . Explosions . | . . . Melee . | . . . Ramming . | . . . Kinetic 904 | . 743 161 Thermal 26 | . . 26 Explosive . | . . . Electromagnetic 34 | . . 34 Impact . | . . . Slashing . | . . . Piercing . | . . . Highest Corruption . | . . . Average Corruption . | . . . Corruption Purged . | . . . Corruption Blocked . | . . . Overload Shots . | . . . Overflow Damage . | . . . Projectiles . | . . . Explosions . | . . . Melee . | . . . Knockbacks . | . . . Impact . | . . . Kinetic . | . . . Secondary . | . . . Self-Inflicted Damage . | . . . Shots . | . . . Rammed . | . . . Targets Rammed . | . . . Kicked . | . . . Crushed . | . . . Highest Temperature 24 | . 24 . Average Temperature 8 | . 8 . Received Heat Transfer 423 | . 288 135 Siege Activations . | . . . Robots Corrupted . | . . . Combat Hostiles . | . . . Parts Fried . | . . . Impact Corruptions . | . . . Robots Melted . | . . . Combat Hostiles . | . . . Parts Melted 2 | . . 2 Heat Transferred 148 | . . 148 Parts Sabotaged . | . . . Parts Stolen . | . . . Parts Stripped . | . . . Power Chain Reactions . | . . . Alert | -11 -10 -10 ------- Run | Yrd Mat Sub Peak Influence 159 | . 159 . Initial . | . . . Average 60 | . 63 . Maximum Alert Level . | . . . Low Security (%) 100 | 100 100 . Level 1 . | . . . Level 2 . | . . . Level 3 . | . . . Level 4 . | . . . Level 5 . | . . . High Security . | . . . Max Security . | . . . Squads Dispatched 2 | . 2 . Investigation 1 | . 1 . Extermination . | . . . Reinforcement 1 | . 1 . Assault . | . . . Garrison . | . . . Intercept . | . . . Searches Triggered . | . . . Construction Impeded . | . . . Haulers Reinforced . | . . . Active Scanning Responses . | . . . Cargo Convoy Interrupts . | . . . Stealth | -11 -10 -10 --------- Run | Yrd Mat Sub Distress Signals 4 | . 4 . Communications Jammed . | . . . Distress Signals . | . . . Times Spotted 34 | . 31 3 Peak Tracking Total 5 | . 5 2 Tactical Retreats 1 | . 1 . Traps | -11 -10 -10 ------- Run | Yrd Mat Sub Traps Triggered 1 | . 1 . Indirectly . | . . . Trap Hack Attempts . | . . . Triggered . | . . . Disarmed . | . . . Reprogrammed . | . . . Reused . | . . . Traps Extracted . | . . . Installed . | . . . Triggered . | . . . Machines | -11 -10 -10 ---------- Run | Yrd Mat Sub Machines Disabled . | . . . Max in Single Turn . | . . . Machines Repaired . | . . . Machines Dismantled . | . . . Machines Sabotaged . | . . . Overloaded Fab Kills . | . . . Hacking | -11 -10 -10 --------- Run | Yrd Mat Sub Machines Accessed 5 | . 5 . Terminals 5 | . 5 . Fabricators . | . . . Repair Stations . | . . . Recycling Units . | . . . Scanalyzers . | . . . Garrison Access . | . . . Total Hacks 18 | . 18 . Successful 7 | . 7 . Failed 11 | . 11 . Catastrophic 1 | . 1 . Database Lockouts . | . . . Manual 13 | . 13 . Terminals 18 | . 18 . Fabricators . | . . . Repair Stations . | . . . Recycling Units . | . . . Scanalyzers . | . . . Garrison Access . | . . . Terminal Hacks 2 | . 2 . Robot Analysis 2 | . 2 . Fabricator Hacks . | . . . Repair Station Hacks . | . . . Recycling Unit Hacks . | . . . Scanalyzer . | . . . Garrison Access Hacks . | . . . Unauthorized Hacks 5 | . 5 . Terminals 5 | . 5 . Assimilate 1 | . 1 . Botnet 3 | . 3 . Operators 1 | . 1 . Fabricators . | . . . Repair Stations . | . . . Recycling Units . | . . . Scanalyzers . | . . . Garrison Access . | . . . Data Cores Recovered . | . . . Used . | . . . Hacking Detections 5 | . 5 . Full Trace Events . | . . . Feedback Events . | . . . Feedback Blocked . | . . . Robot Schematics Acquired . | . . . Robots Built . | . . . Authchips . | . . . Time . | . . . Total Robot Build Rating . | . . . Part Schematics Acquired . | . . . Parts Built . | . . . Authchips . | . . . Time . | . . . Total Part Build Rating . | . . . Parts Repaired . | . . . Time . | . . . Parts Recycled . | . . . Recycled Matter . | . . . Retrieved Matter . | . . . Retrieved Components . | . . . Parts Scanalyzed . | . . . Part Schematics Acquired . | . . . Parts Damaged . | . . . Bothacking | -11 -10 -10 ------------ Run | Yrd Mat Sub Used RIF Installer . | . . . Robots Hacked . | . . . Non-combat . | . . . Combat . | . . . Robot Hacks Applied . | . . . Relay Couplers Released . | . . . Fabnet Peak Effective % . | . . . Robots Rewired . | . . . Allies Hacked . | . . . Hacks Repelled . | . . . Allies | -11 -10 -10 -------- Run | Yrd Mat Sub Total Allies . | . . . Largest Group . | . . . Highest-Rated Group . | . . . Highest-Rated Ally . | . . . Total Orders . | . . . Ally Attacks . | . . . Total Damage . | . . . Kills . | . . . Allies Corrupted . | . . . Allies Melted . | . . . Intel | -11 -10 -10 ------- Run | Yrd Mat Sub Robot Analysis Total 2 | . 2 . Derelict Logs Recovered . | . . . Drone Launches . | . . . Drone Recoveries . | . . . Exploration | -11 -10 -10 ------------- Run | Yrd Mat Sub Turns Passed 1408 | 60 1100 248 Spaces Moved 715 | 46 564 105 Core 14 | 14 . . Treads . | . . . Legs 701 | 32 564 105 Wheels . | . . . Hover . | . . . Flight . | . . . Fastest Speed 50 | 50 120 190 Average Speed 152 | 98 150 190 Slowest Speed 190 | 120 190 190 Overloaded Moves . | . . . Propulsion Burnouts . | . . . Robots Hopped . | . . . Cave-ins Triggered . | . . . Exploration Rate (%) 28 | 3 72 11 Regions Visited 2 Branch Regions 1 Pre-discovered Areas . | . . . Known Exits Taken . | . . . Unknown Exits Taken 2 | 1 1 . Scrap Searched . | . . . Spaces Dug . | . . . Terrain Destroyed . | . . . Melee . | . . . Projectile . | . . . AOE . | . . . Terrain Rammed . | . . . Walls Destroyed . | . . . Machines Disabled . | . . . Actions | -11 -10 -10 --------- Run | Yrd Mat Sub Total 904 | 57 716 131 Wait 82 | . 72 10 Move 713 | 45 563 105 Hop . | . . . Pick Up 18 | 6 12 . Fast Attach 8 | 6 2 . Attach 4 | . 2 2 Detach . | . . . Swap 6 | . 5 1 Drop 6 | . 5 1 Fire 67 | . 55 12 Melee . | . . . Ram . | . . . Kick . | . . . Crush . | . . . Escape Stasis . | . . . Rewire . | . . . Trap . | . . . Miscellaneous . | . . . Route ------- -11/Scrapyard -10/Materials (discovered 4 exits: [*Mat x2] / [*Min] / [*Sub]) -10/Subcaves History --------- Turn | Location | Event 2 | -11/Scrapyard | Met Revision 17 5 | -11/Scrapyard | Discovered new exit (range 14) 61 | -11/Scrapyard | Entered Materials 159 | -10/Materials | Discovered new exit (range 12) 300 | -10/Materials | Build established: Mutant 358 | -10/Materials | Discovered new exit (range 8) 630 | -10/Materials | Discovered new exit (range 14) 712 | -10/Materials | Core integrity fell below 50% 1147 | -10/Materials | Discovered new exit (range 8) 1161 | -10/Materials | Entered Subcaves 1247 | -10/Subcaves | Disturbed a concealed Subdweller 1377 | -10/Subcaves | Core integrity fell below 20% 1409 | -10/Subcaves | Destroyed by EA-TT9(R) with Subdweller Beam Cannon Last Messages --------------- 01247_ BQ-H2F(R) angrily emerges from the Twisted Machinery. 01254_ BQ-H2F(R) affixes Scrap Shield Fragment to Scrap Shield. 01258_ BQ-H2F(R) destroyed. 01259_ Subatomizers dissect the Sub. Optics. 01261_ Acquired 51 matter. 01267_ Dropped Ion Engine. 01350_ Acquired 13 matter. 01388_ Lgt. Assault Rifle destroyed. 01399_ Aluminum Leg destroyed. 01399_ Assault Rifle destroyed. 01403_ 95-UA5(R) suffers critical hit (Burn). 01403_ 95-UA5(R) misfires. 01405_ Sub. Power Source destroyed. 01405_ 95-UA5(R) misfires. 01406_ Sub. Optics melted. 01406_ Sub. Power Source melted. 01406_ 95-UA5(R) destroyed. 01406_ Switching to secondary target: EA-TT9(R). Map ----- +----------------------------------------------------+ | ?????????????????????????????????????????????????? | | ?????????????????????????????????????????????????? | | ?????????????????????????????????????????????????? | | ?????????????????????????????????????????????????? | | ?????????????????????????????????????????????????? | | ?????????????????????????????????????????????????? | | ?????????????????????????????????????????????????? | | ?????????????????????????????????????????????????? | | ?????????????????????????????????????????????????? | | ?????????????????????????????????????????????????? | | ?????????????????????????????????????????????????? | | ?????????????????????????????????????????????????? | | ?????????????????????????????????????????????????? | | ?????????????????????????????????????????????????? | | ?????????????????????????????????????????????????? | | ?????????????????????????????????????????????????? | | ? ?????????????????????????????????????????????? | | ? ????????????????????????????????????????????? | | ?# # ????????????????????????????###??????# ????? | | ??? ?##???????????????????????# ???#### ?????? | | ????# ? ???????????##????????#%#??## ??????? | | ????# ? #??????????# ?##????# #???# # ???????? | | ???## # ###??###### # #???# #????# #???????? | | ???? #### # #R##??# #????? #???????? | | ???????? ## % ### #????## #???????? | | ???????????# # #######@ #????### ##???????? | | ???????????### ###?????## ##???## # ##??????? | | ?????????????####????????## ##### ###????? | | ??????????????????????????### ## ###??? | | ????????????????????????????## ## ##?? ##?? | | ?????????????????????????????## ##### #?? #?? | | ????????????????????????????????#???# ### ##? | | ????????????????????????????????????# # # | | ???????????????????????????????????## | | ???????????????????????????????????# | | ???????????????????????????????????# #### | | ??????????????????????????????????## ##????? | | ??????????????????????????????????# ##?????? | | ?????????????????????????????????## #?????? | | ?????????????????????????????????# #####?????? | | ?????????????????????????????????# ## ##### # | | ?????????????????????????????????# | | ?????????????????????????????###### | | ?????????????????????????????#"& ##" ### # | | ?????????????????????????????# # #???######? | | ?????????????????????????????#!##"#" ##????????? | | ?????????????????????????????#* ### ##???????? | | ?????????????????????????????#" ## ##??????? | | ?????????????????????????????######## ##?????? | | ????????????????????????????????????### #?????? | +----------------------------------------------------+ Best States ------------- Heat Dissipation 25 Energy Generation 15 Energy Capacity 250 Matter Stores 226 Matter Capacity 300 Sight Range 16 Terrain Scan Density 10 Evasion (%) 55 Item Schematics ----------------- None Robot Schematics ------------------ None Fabricated ------------ Nothing Alien Tech Used ----------------- None Achievements -------------- None Challenges ------------ None Game ------ Seed ThunderRecoilCorpse Manual? 0 Play Time 00:12:53 Cumulative 60.8 hours Start 2025.03.13 @ 12:03:47 End 2025.03.13 @ 12:17:14 Sessions 1 Manual Loads 0 Difficulty Rogue Special Mode None Game No. 59 Rogue 59 Adventurer 0 Explorer 0 Win Type - Total 1 Types 1/0/0/0/0/0/0/0/0 Lore% 30 Gallery% 43 Achievement% 41 Wizard Run 0 Options --------- Layout 1 ASCII 0 Keyboard 1 Movement Numpad Keybinds 0 Fullscreen 1 Font 24/Smallcaps Map View 50x35 Zoom Use 0% Tactical HUD 1 Map Filters NONE Filters NONE Steam 1 RUN: 1aebcf82-220f-4ad8-b3d9-0b604535e2df